NCAA
NORTHWESTERN WILDCATS @ BAYLOR BEARS
04/27/2024
 
TOP OF THE 1ST
Northwestern Wildcats batting - Pitching for Baylor Bears : RHP Raúl Zumaya
Pitching: RHP Raúl Zumaya
Batting: RHB Pablo Velásquez 0-0: Foul Ball, location: 2F
0-1: Foul Ball, location: 2F
0-2: Strikes out looking
Batting: RHB Truman Younger 0-0: SINGLE (Line Drive, 6M)
Batting: SHB Arnold Maddox 0-0: Ball
1-0: Called Strike
1-1: Foul Ball, location: 2F
1-2: Foul Ball, location: 2F
1-2: Strikes out swinging
Batting: RHB Robbie Davis 0-0: Called Strike
0-1: Swinging Strike
0-2: Ball
1-2: SINGLE (Line Drive, 4MD)
Truman Younger to second
Batting: SHB Tim Taylor 0-0: Ball
1-0: Fly out, F8 (Flyball, 8LD)
Top of the 1st over - 0 run(s), 2 hit(s), 0 error(s), 2 left on base; Northwestern 0 - Baylor 0
BOTTOM OF THE 1ST
Baylor Bears batting - Pitching for Northwestern Wildcats : RHP Michael Peterson
Pitching: RHP Michael Peterson
Batting: RHB John Krueger 0-0: Ball
1-0: Ball
2-0: Called Strike
2-1: Ball
3-1: Fly out, F4 (Popup, 34)
Batting: RHB Guy Morrison 0-0: Called Strike
0-1: Ball
1-1: Ground out 6-3 (Groundball, 6M)
Batting: LHB David Taylor 0-0: Ball
1-0: SINGLE (Groundball, 6MD) (infield hit)
Batting: LHB John White 0-0: Foul Ball, location: 2F
0-1: Called Strike
0-2: Fly out, F7 (Flyball, 7S)
Bottom of the 1st over - 0 run(s), 1 hit(s), 0 error(s), 1 left on base; Northwestern 0 - Baylor 0
TOP OF THE 2ND
Northwestern Wildcats batting - Pitching for Baylor Bears : RHP Raúl Zumaya
Batting: RHB Kelly Graham 0-0: Ball
1-0: Called Strike
1-1: Called Strike
1-2: Foul Ball, location: 2F
1-2: Ball
2-2: Foul Ball, location: 2F
2-2: Ball
3-2: Foul Ball, location: 2F
3-2: Fly out, F8 (Flyball, 8LXD)
Batting: LHB Xavier Smith 0-0: Foul Ball, location: 2F
0-1: Ball
1-1: Swinging Strike
1-2: Ground out 4-3 (Groundball, 4)
Batting: RHB Andrés Ibáñez 0-0: Ball
1-0: Ball
2-0: Foul Ball, location: 2F
2-1: Swinging Strike
2-2: Strikes out swinging
Top of the 2nd over - 0 run(s), 0 hit(s), 0 error(s), 0 left on base; Northwestern 0 - Baylor 0
BOTTOM OF THE 2ND
Baylor Bears batting - Pitching for Northwestern Wildcats : RHP Michael Peterson
Batting: RHB Doyle Hall 0-0: Called Strike
0-1: Swinging Strike
0-2: Ball
1-2: Fly out, F6 (Popup, 56D)
Batting: LHB Jorge Gabaldón 0-0: Swinging Strike
0-1: Ball
1-1: SINGLE (Line Drive, 9S)
Batting: RHB José Romo 0-0: Fly out, F8 (Flyball, 8RM)
Batting: RHB Hugh Rankin 0-0: Ball
1-0: Ball
2-0: Foul Ball, location: 2F
2-1: Swinging Strike
2-2: Fly out, F7 (Flyball, 78M)
Bottom of the 2nd over - 0 run(s), 1 hit(s), 0 error(s), 1 left on base; Northwestern 0 - Baylor 0
TOP OF THE 3RD
Northwestern Wildcats batting - Pitching for Baylor Bears : RHP Raúl Zumaya
Batting: RHB Robert Carter 0-0: Ball
1-0: Called Strike
1-1: Ball
2-1: Swinging Strike
2-2: Foul Ball, location: 2F
2-2: SINGLE (Flyball, 7LS)
Batting: RHB Pablo Velásquez 0-0: Called Strike
0-1: Ball
1-1: Ball
2-1: Grounds into double play, 6-4-3 (Groundball, 6)
Batting: RHB Truman Younger 0-0: Called Strike
0-1: Called Strike
0-2: Ground out 4-3 (Groundball, 4)
Top of the 3rd over - 0 run(s), 1 hit(s), 0 error(s), 0 left on base; Northwestern 0 - Baylor 0
BOTTOM OF THE 3RD
Baylor Bears batting - Pitching for Northwestern Wildcats : RHP Michael Peterson
Batting: RHB Lakota O'Reilly 0-0: Foul Ball, location: 2F
0-1: Foul Ball, location: 2F
0-2: Ball
1-2: Ball
2-2: Ball
3-2: Strikes out swinging
Batting: RHB John Krueger 0-0: Fly out, F3 (Popup, 34S)
Batting: RHB Guy Morrison 0-0: Ball
1-0: Ball
2-0: Foul Ball, location: 2F
2-1: Swinging Strike
2-2: Strikes out swinging
Bottom of the 3rd over - 0 run(s), 0 hit(s), 0 error(s), 0 left on base; Northwestern 0 - Baylor 0
TOP OF THE 4TH
Northwestern Wildcats batting - Pitching for Baylor Bears : RHP Raúl Zumaya
Batting: SHB Arnold Maddox 0-0: Ball
1-0: Swinging Strike
1-1: Ball
2-1: SINGLE (Line Drive, 4MD)
Batting: RHB Robbie Davis 0-0: Ball
1-0: Foul Ball, location: 2F
1-1: Ball
2-1: Grounds into double play, 4-6-3 (Groundball, 4)
Batting: SHB Tim Taylor 0-0: SINGLE (Groundball, 34S)
Batting: RHB Kelly Graham 0-0: Ball
1-0: Fly out, F7 (Flyball, 7D)
Top of the 4th over - 0 run(s), 2 hit(s), 0 error(s), 1 left on base; Northwestern 0 - Baylor 0
BOTTOM OF THE 4TH
Baylor Bears batting - Pitching for Northwestern Wildcats : RHP Michael Peterson
Batting: LHB David Taylor 0-0: Ball
1-0: Ball
2-0: Ball
3-0: Called Strike
3-1: Foul Ball, location: 2F
3-2: Strikes out swinging
Batting: LHB John White 0-0: Called Strike
0-1: Foul Ball, location: 2F
0-2: Strikes out swinging
Batting: RHB Doyle Hall 0-0: Ball
1-0: Ground out 6-3 (Groundball, 6M)
Bottom of the 4th over - 0 run(s), 0 hit(s), 0 error(s), 0 left on base; Northwestern 0 - Baylor 0
TOP OF THE 5TH
Northwestern Wildcats batting - Pitching for Baylor Bears : RHP Raúl Zumaya
Batting: LHB Xavier Smith 0-0: Ball
1-0: Ball
2-0: Swinging Strike
2-1: Foul Ball, location: 2F
2-2: Foul Ball, location: 2F
2-2: Strikes out swinging
Batting: RHB Andrés Ibáñez 0-0: Called Strike
0-1: Ball
1-1: SINGLE (Flyball, 9M)
Batting: RHB Robert Carter 0-0: Called Strike
0-1: Called Strike
0-2: Ball
1-2: Strikes out swinging
Batting: RHB Pablo Velásquez 0-0: Called Strike
0-1: Called Strike
0-2: Strikes out swinging
Top of the 5th over - 0 run(s), 1 hit(s), 0 error(s), 1 left on base; Northwestern 0 - Baylor 0
BOTTOM OF THE 5TH
Baylor Bears batting - Pitching for Northwestern Wildcats : RHP Michael Peterson
Batting: LHB Jorge Gabaldón 0-0: Ball
1-0: Fly out, F8 (Flyball, 8LM)
Batting: RHB José Romo 0-0: Ball
1-0: Ground out 5-3 (Groundball, 5S)
Batting: RHB Hugh Rankin 0-0: Ball
1-0: Ball
2-0: Called Strike
2-1: Called Strike
2-2: Ball
3-2: Strikes out swinging
Bottom of the 5th over - 0 run(s), 0 hit(s), 0 error(s), 0 left on base; Northwestern 0 - Baylor 0
TOP OF THE 6TH
Northwestern Wildcats batting - Pitching for Baylor Bears : RHP Raúl Zumaya
Batting: RHB Truman Younger 0-0: Ball
1-0: Called Strike
1-1: Ball
2-1: Foul Ball, location: 2F
2-2: Ball
3-2: Foul Ball, location: 2F
3-2: SINGLE (Flyball, 6MD)
Pitching: LHP Joe Phillips
Batting: SHB Arnold Maddox 0-0: Ball
1-0: Called Strike
1-1: SINGLE (Line Drive, 7LS)
Truman Younger to second
Batting: RHB Robbie Davis 0-0: SINGLE (Line Drive, 4MD)
Truman Younger to third
Arnold Maddox to second
Batting: SHB Tim Taylor 0-0: DOUBLE (Line Drive, 7LM)
Truman Younger scores
Arnold Maddox scores
Robbie Davis to third
Batting: RHB Kelly Graham 0-0: Called Strike
0-1: Called Strike
0-2: Fly out, F6 (Line Drive, 6)
Batting: LHB Xavier Smith 0-0: Ball
1-0: SINGLE (Line Drive, 89S)
Robbie Davis scores
Tim Taylor to third
Batting: RHB Andrés Ibáñez 0-0: Ball
1-0: Foul Ball, location: 2F
1-1: Swinging Strike
1-2: Ball
2-2: 3-RUN HOME RUN (Flyball, 78XD), Distance : 377 ft
Pitching: RHP Dave Thompson
Batting: RHB Robert Carter 0-0: Ball
1-0: SOLO HOME RUN (Flyball, 78XD), Distance : 382 ft
Batting: RHB Pablo Velásquez 0-0: Ball
1-0: Ball
2-0: Swinging Strike
2-1: Ball
3-1: Called Strike
3-2: Foul Ball, location: 2F
3-2: Base on Balls
Batting: RHB Truman Younger 0-0: Ball
Pablo Velásquez steals 2nd base
1-0: Ball
2-0: Called Strike
2-1: Foul Ball, location: 2F
2-2: Fly out, F8 (Line Drive, 8LS)
Batting: SHB Arnold Maddox 0-0: Ball
1-0: Ball
Wild Pitch!
Pablo Velásquez to third
2-0: SINGLE (Line Drive, 8RS)
Pablo Velásquez scores
Batting: RHB Robbie Davis 0-0: Ball
1-0: Swinging Strike
1-1: Swinging Strike
1-2: Strikes out looking
Top of the 6th over - 8 run(s), 8 hit(s), 0 error(s), 1 left on base; Northwestern 8 - Baylor 0
BOTTOM OF THE 6TH
Baylor Bears batting - Pitching for Northwestern Wildcats : RHP Michael Peterson
Batting: RHB Lakota O'Reilly 0-0: Ball
1-0: Called Strike
1-1: SINGLE (Line Drive, 6MD)
Batting: RHB John Krueger 0-0: Ball
1-0: Foul Ball, location: 2F
1-1: Ball
2-1: Called Strike
2-2: Fly out, F9 (Popup, 3D)
Batting: RHB Guy Morrison 0-0: Called Strike
0-1: Ball
1-1: Called Strike
1-2: Ball
2-2: Ball
3-2: Strikes out looking
Lakota O'Reilly is caught stealing 2nd base
Batter strikes out.
Bottom of the 6th over - 0 run(s), 1 hit(s), 0 error(s), 0 left on base; Northwestern 8 - Baylor 0
TOP OF THE 7TH
Northwestern Wildcats batting - Pitching for Baylor Bears : RHP Dave Thompson
Batting: SHB Tim Taylor 0-0: Called Strike
0-1: Ball
1-1: Swinging Strike
1-2: Strikes out swinging
Batting: RHB Kelly Graham 0-0: SOLO HOME RUN (Flyball, 7D), Distance : 347 ft
Pitching: RHP Michael Anderson
Batting: LHB Xavier Smith 0-0: Ball
1-0: Ball
2-0: Called Strike
2-1: Swinging Strike
2-2: Fly out, F8 (Line Drive, 78D)
Batting: RHB Andrés Ibáñez 0-0: Foul Ball, location: 2F
0-1: Ball
1-1: Foul Ball, location: 2F
1-2: Ball
2-2: Ball
3-2: Fly out, F9 (Line Drive, 9LM)
Top of the 7th over - 1 run(s), 1 hit(s), 0 error(s), 0 left on base; Northwestern 9 - Baylor 0
BOTTOM OF THE 7TH
Baylor Bears batting - Pitching for Northwestern Wildcats : RHP Michael Peterson
Batting: LHB David Taylor 0-0: Ground out 4-3 (Groundball, 4)
Batting: LHB John White 0-0: Fly out, F6 (Popup, 6MD)
Batting: RHB Doyle Hall 0-0: Ball
1-0: Called Strike
1-1: Ball
2-1: Foul Ball, location: 2F
2-2: Fly out, F7 (Popup, 78S)
Bottom of the 7th over - 0 run(s), 0 hit(s), 0 error(s), 0 left on base; Northwestern 9 - Baylor 0
TOP OF THE 8TH
Northwestern Wildcats batting - Pitching for Baylor Bears : RHP Michael Anderson
Batting: RHB Robert Carter 0-0: Foul Ball, location: 2F
0-1: SINGLE (Groundball, 34D)
Batting: RHB Pablo Velásquez 0-0: Bunted foul
0-1: Bunted foul
0-2: Fly out, F1 (Popup, 13S)
Batting: RHB Truman Younger 0-0: Ball
1-0: Swinging Strike
1-1: Ball
2-1: SINGLE (Line Drive, 8RS)
Robert Carter to second
Batting: SHB Arnold Maddox 0-0: Ball
1-0: SINGLE (Groundball, 4MS)
Robert Carter to third
Truman Younger to second
Runner from 3rd tries for Home, SAFE, throw made home
Truman Younger to third
Arnold Maddox to second
Batting: RHB Robbie Davis 0-0: Ball
1-0: Called Strike
1-1: Called Strike
1-2: Ball
2-2: Ground out 5-3 (Groundball, 5)
Batting: SHB Tim Taylor 0-0: Ball
1-0: Ground out 6-3 (Groundball, 6)
Top of the 8th over - 1 run(s), 3 hit(s), 0 error(s), 2 left on base; Northwestern 10 - Baylor 0
BOTTOM OF THE 8TH
Baylor Bears batting - Pitching for Northwestern Wildcats : RHP Michael Peterson
Pitching: RHP Johnny Anderson
Now at 1B: John Allen
Batting: LHB Jorge Gabaldón 0-0: Ball
1-0: Fly out, F8 (Flyball, 8LD)
Batting: RHB José Romo 0-0: Ball
1-0: Called Strike
1-1: Ball
2-1: Foul Ball, location: 2F
2-2: Ball
3-2: Base on Balls
Batting: RHB Hugh Rankin 0-0: Ball
1-0: SINGLE (Line Drive, 8LS)
José Romo to second
Batting: RHB Lakota O'Reilly 0-0: Called Strike
0-1: Called Strike
0-2: Ball
1-2: Ball
2-2: Foul Ball, location: 2F
2-2: Ball
3-2: Foul Ball, location: 2F
3-2: Base on Balls
José Romo to third
Hugh Rankin to second
Pinch Hitting: LHB Brian Richardson 0-0: Called Strike
0-1: Foul Ball, location: 2F
0-2: Foul Ball, location: 2F
0-2: Ball
1-2: Ball
2-2: Ball
3-2: Foul Ball, location: 2F
3-2: Fly out, F8 (Flyball, 8RS)
Batting: RHB Guy Morrison 0-0: Ball
1-0: Ball
2-0: Ball
3-0: Base on Balls
José Romo scores
Hugh Rankin to third
Lakota O'Reilly to second
Batting: LHB David Taylor 0-0: Ball
1-0: Fly out, F7 (Flyball, 7M)
Bottom of the 8th over - 1 run(s), 1 hit(s), 0 error(s), 3 left on base; Northwestern 10 - Baylor 1
TOP OF THE 9TH
Northwestern Wildcats batting - Pitching for Baylor Bears : RHP Michael Anderson
Now at 2B: Jesús Medrano
Batting: RHB Kelly Graham 0-0: Foul Ball, location: 2F
0-1: Ball
1-1: Ball
2-1: Ground out 6-3 (Groundball, 6M)
Batting: LHB Xavier Smith 0-0: Foul Ball, location: 2F
0-1: Ball
1-1: Foul Ball, location: 2F
1-2: Ground out 6-3 (Groundball, 6)
Batting: RHB Andrés Ibáñez 0-0: Ball
1-0: Ball
2-0: Ball
3-0: Base on Balls
Batting: RHB Robert Carter 0-0: Called Strike
0-1: Ball
1-1: Swinging Strike
1-2: Foul Ball, location: 2F
1-2: Fly out, F7 (Flyball, 7M)
Top of the 9th over - 0 run(s), 0 hit(s), 0 error(s), 1 left on base; Northwestern 10 - Baylor 1
BOTTOM OF THE 9TH
Baylor Bears batting - Pitching for Northwestern Wildcats : RHP Johnny Anderson
Now in LF: Thomas Brennan
Batting: LHB John White 0-0: Swinging Strike
0-1: Ball
1-1: Ball
2-1: Ball
3-1: Fly out, F9 (Flyball, 89M)
Batting: RHB Doyle Hall 0-0: DOUBLE (Line Drive, 7LM)
Batting: LHB Jorge Gabaldón 0-0: Ball
1-0: SINGLE (Line Drive, 8LS)
Doyle Hall to third
Batting: RHB José Romo 0-0: Ball
1-0: Ball
2-0: Called Strike
2-1: Swinging Strike
2-2: Foul Ball, location: 2F
2-2: Strikes out swinging
Batting: RHB Hugh Rankin 0-0: Ball
1-0: Swinging Strike
1-1: Swinging Strike
1-2: Strikes out swinging
Bottom of the 9th over - 0 run(s), 2 hit(s), 0 error(s), 2 left on base; Northwestern 10 - Baylor 1
This league is powered by Out of the Park Baseball, the baseball management simulation game for PC, Mac and Linux
Saturday, April 9th, 2016 - OOTP Baseball 16.8 Build 38